1959 views
Uploaded 2022-11-07 01:08:09
Game version 1.33
35:38 long 3on3 ladder game on (8)Battleground_LV
Saved by GIGA
1959 views
Uploaded 2022-11-07 01:08:09
Game version 1.33
35:38 long 3on3 ladder game on (8)Battleground_LV


174 units @ 21.6k
/ 3.7k
141 buildings @ 16.8k
/ 8.9k



| Lesser Clarity Potion | 2 | 140 |
| Potion of Healing | 3 | 450 |
| Orb of Fire | 2 | 650 |
| Scroll of Regeneration | 2 | 200 |
| Scroll of Town Portal | 6 | 2100 |
| Boots of Speed | 3 | 750 |
| Periapt of Vitality | 2 | 650 |
| Potion of Lesser Invulnerability | 1 | 150 |
| total: | 21 | 5090g |
| Peasant | 18 | 1350 | / | 0 |
| Footman | 4 | 540 | / | 0 |
| Rifleman | 5 | 1025 | / | 150 |
| Flying Machine | 1 | 100 | / | 30 |
| Mortar Team | 9 | 1620 | / | 630 |
| Gryphon Rider | 7 | 1960 | / | 490 |
| total: | 44 | 6595g | / | 1300w |
| Scout Tower | 18 | 540 | / | 360 |
| Arcane Tower | 2 | 140 | / | 100 |
| Guard Tower | 8 | 560 | / | 400 |
| Farm | 17 | 1360 | / | 340 |
| Altar of Kings | 1 | 180 | / | 50 |
| Barracks | 1 | 160 | / | 60 |
| Lumber Mill | 2 | 240 | / | 0 |
| Arcane Vault | 1 | 130 | / | 30 |
| Blacksmith | 1 | 140 | / | 60 |
| Town Hall | 3 | 1155 | / | 615 |
| Arcane Sanctum | 1 | 150 | / | 140 |
| Workshop | 3 | 420 | / | 420 |
| Gryphon Aviary | 2 | 280 | / | 300 |
| Keep | 1 | 320 | / | 210 |
| Castle | 1 | 360 | / | 210 |
| total: | 50 | 4755g | / | 2375w |
| 0:03 | Peasant |
| 0:03 | Peasant |
| 0:06 | Farm |
| 0:10 | Altar of Kings |
| 0:16 | Peasant |
| 0:43 | Peasant |
| 1:02 | Peasant |
| 1:06 | Farm |
| 1:07 | Barracks |
| 1:21 | Lumber Mill |
| 1:24 | Peasant |
| 1:24 | Peasant |
| 1:42 | Farm |
| 1:52 | Peasant |
| 2:04 | Scout Tower |
| 2:08 | Footman |
| 2:08 | Footman |
| 2:12 | Farm |
| 2:18 | Summon Water Elemental |
| 2:26 | Peasant |
| 2:30 | Arcane Tower |
| 2:41 | Peasant |
| 2:43 | Farm |
| 2:59 | Footman |
| 3:10 | Arcane Vault |
| 3:19 | Footman |
| 3:27 | Peasant |
| 3:44 | Peasant |
| 4:16 | Brilliance Aura |
| 4:28 | Blacksmith |
| 4:44 | Town Hall |
| 4:46 | Scout Tower |
| 4:47 | Scout Tower |
| 4:49 | Scout Tower |
| 4:52 | Scout Tower |
| 4:54 | Scout Tower |
| 5:03 | Keep |
| 5:05 | Lesser Clarity Potion |
| 5:12 | Improved Lumber Harvesting |
| 5:12 | Improved Masonry |
| 5:18 | Farm |
| 5:19 | Farm |
| 5:28 | Arcane Tower |
| 5:43 | Summon Water Elemental |
| 6:04 | Rifleman |
| 6:15 | Black Gunpowder |
| 6:24 | Rifleman |
| 6:48 | Rifleman |
| 7:14 | Guard Tower |
| 7:18 | Scout Tower |
| 7:19 | Scout Tower |
| 7:20 | Scout Tower |
| 7:21 | Studded Leather Armor |
| 7:24 | Peasant |
| 7:24 | Peasant |
| 7:25 | Peasant |
| 7:25 | Peasant |
| 7:26 | Advanced Lumber Harvesting |
| 7:33 | Rifleman |
| 8:08 | Guard Tower |
| 8:18 | Arcane Sanctum |
| 8:44 | Rifleman |
| 8:49 | Peasant |
| 8:49 | Peasant |
| 8:52 | Brilliance Aura |
| 9:06 | Storm Bolt |
| 9:08 | Guard Tower |
| 9:11 | Scout Tower |
| 9:12 | Scout Tower |
| 9:18 | Workshop |
| 9:20 | Advanced Masonry |
| 9:43 | Castle |
| 9:45 | Magic Sentry |
| 9:49 | Farm |
| 9:50 | Farm |
| 9:50 | Farm |
| 9:51 | Farm |
| 9:52 | Farm |
| 10:08 | Guard Tower |
| 10:41 | Scout Tower |
| 10:49 | Scroll of Town Portal |
| 10:52 | Potion of Healing |
| 11:01 | Workshop |
| 11:04 | Flare |
| 11:06 | Refined Gunpowder |
| 11:24 | Guard Tower |
| 11:27 | Scout Tower |
| 11:41 | Reinforced Leather Armor |
| 11:47 | Boots of Speed |
| 11:51 | Boots of Speed |
| 11:55 | Guard Tower |
| 12:19 | Periapt of Vitality |
| 12:27 | Potion of Lesser Invulnerability |
| 12:33 | Thunder Clap |
| 12:45 | Farm |
| 12:47 | Farm |
| 12:47 | Farm |
| 12:51 | Fragmentation Shards |
| 12:52 | Flying Machine Bombs |
| 12:54 | Workshop |
| 13:23 | Orb of Fire |
| 13:24 | Scroll of Town Portal |
| 13:29 | Flying Machine |
| 13:30 | Flak Cannons |
| 13:34 | Imbued Gunpowder |
| 13:37 | Dragonhide Armor |
| 13:39 | Imbued Masonry |
| 13:55 | Boots of Speed |
| 13:55 | Periapt of Vitality |
| 13:57 | Holy Light |
| 14:07 | Gryphon Aviary |
| 14:10 | Gryphon Aviary |
| 14:15 | Mortar Team |
| 14:15 | Mortar Team |
| 14:44 | Storm Bolt |
| 14:53 | Farm |
| 14:58 | Iron Forged Swords |
| 15:00 | Mortar Team |
| 15:00 | Mortar Team |
| 15:01 | Mortar Team |
| 15:35 | Mortar Team |
| 15:39 | Farm |
| 17:56 | Scout Tower |
| 17:59 | Scout Tower |
| 18:00 | Scout Tower |
| 18:02 | Scroll of Town Portal |
| 18:05 | Storm Hammers |
| 18:07 | Steel Forged Swords |
| 18:34 | Guard Tower |
| 19:15 | Divine Shield |
| 19:44 | Scout Tower |
| 19:48 | Scout Tower |
| 20:38 | Summon Water Elemental |
| 21:55 | Guard Tower |
| 22:57 | Mithril Forged Swords |
| 22:59 | Gryphon Rider |
| 22:59 | Gryphon Rider |
| 23:01 | Gryphon Rider |
| 23:05 | Scroll of Town Portal |
| 23:07 | Orb of Fire |
| 23:12 | Town Hall |
| 23:32 | Mortar Team |
| 26:24 | Holy Light |
| 27:47 | Thunder Clap |
| 28:17 | Town Hall |
| 28:34 | Scroll of Regeneration |
| 28:37 | Lesser Clarity Potion |
| 28:38 | Potion of Healing |
| 28:40 | Scroll of Town Portal |
| 28:41 | Scroll of Town Portal |
| 28:42 | Potion of Healing |
| 28:45 | Gryphon Rider |
| 28:45 | Gryphon Rider |
| 28:45 | Gryphon Rider |
| 28:46 | Gryphon Rider |
| 28:48 | Mortar Team |
| 28:48 | Mortar Team |
| 29:37 | Lumber Mill |
| 29:40 | Scroll of Regeneration |
| 31:24 | Divine Shield |
| 31:25 | Mass Teleport |
| 31:56 | Storm Bolt |
| Right click | 1197 |
| Select | 495 |
| Misc. action | 271 |
| Select group | 270 |
| Chat | 189 |
| Build/train/purchase | 181 |
| Use ability | 58 |
| Assign group | 49 |
| Minimap ping | 30 |
| Item give/drop | 8 |
⇛
Muhyul
(35:38) : 

| Staff of Sanctuary | 1 | 250 |
| Orb of Fire | 1 | 325 |
| Ivory Tower | 2 | 80 |
| Potion of Mana | 1 | 200 |
| Scroll of Town Portal | 1 | 350 |
| Scroll of Healing | 1 | 250 |
| Dust of Appearance | 1 | 75 |
| Potion of Lesser Invulnerability | 2 | 300 |
| total: | 10 | 1830g |
| Peasant | 27 | 2025 | / | 0 |
| Footman | 6 | 810 | / | 0 |
| Dragonhawk Rider | 2 | 400 | / | 60 |
| Flying Machine | 27 | 2700 | / | 810 |
| Mortar Team | 9 | 1620 | / | 630 |
| total: | 71 | 7555g | / | 1500w |
| Scout Tower | 5 | 150 | / | 100 |
| Arcane Tower | 4 | 280 | / | 200 |
| Guard Tower | 3 | 210 | / | 150 |
| Altar of Kings | 2 | 360 | / | 100 |
| Farm | 13 | 1040 | / | 260 |
| Barracks | 1 | 160 | / | 60 |
| Lumber Mill | 1 | 120 | / | 0 |
| Town Hall | 2 | 770 | / | 410 |
| Arcane Vault | 1 | 130 | / | 30 |
| Blacksmith | 1 | 140 | / | 60 |
| Gryphon Aviary | 2 | 280 | / | 300 |
| Arcane Sanctum | 1 | 150 | / | 140 |
| Workshop | 4 | 560 | / | 560 |
| Keep | 1 | 320 | / | 210 |
| Castle | 1 | 360 | / | 210 |
| total: | 33 | 3860g | / | 2020w |
| 0:05 | Peasant |
| 0:06 | Peasant |
| 0:10 | Altar of Kings |
| 0:13 | Altar of Kings |
| 0:21 | Farm |
| 0:28 | Barracks |
| 0:31 | Peasant |
| 0:45 | Peasant |
| 0:51 | Farm |
| 0:59 | Peasant |
| 1:11 | Peasant |
| 1:19 | Peasant |
| 1:26 | Lumber Mill |
| 1:31 | Farm |
| 1:42 | Footman |
| 1:53 | Peasant |
| 2:03 | Footman |
| 2:16 | Storm Bolt |
| 2:19 | Footman |
| 2:31 | Improved Lumber Harvesting |
| 2:44 | Footman |
| 2:52 | Peasant |
| 2:56 | Scout Tower |
| 3:17 | Footman |
| 3:18 | Peasant |
| 3:28 | Bash |
| 3:38 | Farm |
| 3:51 | Town Hall |
| 3:55 | Scout Tower |
| 4:18 | Peasant |
| 4:33 | Defend |
| 4:46 | Peasant |
| 4:48 | Storm Bolt |
| 5:08 | Arcane Tower |
| 5:08 | Peasant |
| 5:09 | Peasant |
| 5:24 | Peasant |
| 5:34 | Keep |
| 5:36 | Peasant |
| 5:37 | Peasant |
| 5:47 | Arcane Tower |
| 5:50 | Farm |
| 5:53 | Arcane Vault |
| 5:59 | Farm |
| 6:07 | Scout Tower |
| 6:11 | Farm |
| 6:13 | Farm |
| 6:24 | Peasant |
| 6:24 | Peasant |
| 7:25 | Scout Tower |
| 7:27 | Improved Masonry |
| 7:30 | Guard Tower |
| 7:48 | Farm |
| 8:02 | Castle |
| 8:06 | Blacksmith |
| 8:13 | Gryphon Aviary |
| 8:16 | Gryphon Aviary |
| 8:42 | Advanced Lumber Harvesting |
| 8:58 | Siphon Mana |
| 9:16 | Scout Tower |
| 9:20 | Guard Tower |
| 9:22 | Black Gunpowder |
| 9:27 | Bash |
| 9:33 | Peasant |
| 9:34 | Peasant |
| 9:45 | Dragonhawk Rider |
| 9:54 | Guard Tower |
| 9:57 | Arcane Sanctum |
| 10:02 | Workshop |
| 10:05 | Workshop |
| 10:23 | Refined Gunpowder |
| 10:25 | Cloud |
| 10:26 | Peasant |
| 10:27 | Peasant |
| 10:34 | Staff of Sanctuary |
| 10:35 | Orb of Fire |
| 10:37 | Scroll of Town Portal |
| 10:39 | Ivory Tower |
| 10:39 | Ivory Tower |
| 10:39 | Potion of Mana |
| 11:17 | Flying Machine |
| 11:17 | Flying Machine |
| 11:23 | Flying Machine |
| 11:36 | Flak Cannons |
| 11:39 | Imbued Gunpowder |
| 11:58 | Peasant |
| 11:58 | Peasant |
| 11:59 | Farm |
| 12:05 | Magic Sentry |
| 12:08 | Flying Machine |
| 12:23 | Flying Machine |
| 12:56 | Flying Machine |
| 13:08 | Flying Machine |
| 13:56 | Flying Machine |
| 13:58 | Studded Leather Armor |
| 14:26 | Potion of Lesser Invulnerability |
| 14:29 | Scroll of Healing |
| 14:36 | Dust of Appearance |
| 14:41 | Flying Machine |
| 14:41 | Flying Machine |
| 14:44 | Town Hall |
| 14:48 | Arcane Tower |
| 15:08 | Potion of Lesser Invulnerability |
| 15:10 | Arcane Tower |
| 15:19 | Dragonhawk Rider |
| 15:26 | Mortar Team |
| 15:29 | Farm |
| 15:30 | Farm |
| 16:31 | Flying Machine |
| 17:23 | Footman |
| 17:25 | Flying Machine |
| 17:25 | Flying Machine |
| 17:53 | Flying Machine |
| 17:53 | Flying Machine |
| 18:03 | Reinforced Leather Armor |
| 18:38 | Peasant |
| 18:38 | Peasant |
| 18:42 | Mortar Team |
| 18:42 | Mortar Team |
| 18:56 | Workshop |
| 18:58 | Workshop |
| 19:20 | Flying Machine |
| 19:21 | Flying Machine |
| 19:21 | Flying Machine |
| 19:45 | Mortar Team |
| 21:15 | Mortar Team |
| 21:16 | Fragmentation Shards |
| 21:47 | Dragonhide Armor |
| 22:31 | Flying Machine |
| 22:32 | Flying Machine |
| 22:32 | Flying Machine |
| 22:49 | Flying Machine |
| 22:57 | Flame Strike |
| 23:38 | Mortar Team |
| 23:39 | Mortar Team |
| 24:00 | Mortar Team |
| 24:26 | Mortar Team |
| 25:28 | Farm |
| 26:21 | Flare |
| 26:27 | Flying Machine |
| 26:27 | Flying Machine |
| 26:27 | Flying Machine |
| 27:05 | Storm Bolt |
| 27:11 | Flying Machine |
| 27:12 | Flying Machine |
| 27:51 | Iron Plating |
| 27:58 | Flying Machine Bombs |
| 29:21 | Avatar |
| 29:57 | Siphon Mana |
| 32:51 | Flame Strike |
| 33:35 | Bash |
| Right click | 1768 |
| Select group | 770 |
| Assign group | 741 |
| Select | 704 |
| Misc. action | 337 |
| Build/train/purchase | 179 |
| Use ability | 56 |
| Resource trade | 17 |
| Esc | 9 |
| Minimap ping | 6 |
| Item give/drop | 3 |
| Remove unit | 1 |
⇛
HumaNStorY
(35:28) : 

x1)
| Healing Salve | 3 | 300 |
| Lesser Clarity Potion | 5 | 350 |
| Potion of Healing | 1 | 150 |
| Potion of Mana | 4 | 800 |
| Circlet of Nobility | 2 | 350 |
| Tome of Retraining | 1 | 300 |
| Boots of Speed | 1 | 250 |
| total: | 17 | 2500g |
| Peon | 29 | 2175 | / | 0 |
| Grunt | 8 | 1600 | / | 0 |
| Troll Batrider | 19 | 3040 | / | 760 |
| Demolisher | 3 | 660 | / | 150 |
| total: | 59 | 7475g | / | 910w |
| Watch Tower | 37 | 4070 | / | 2960 |
| Altar of Storms | 1 | 180 | / | 50 |
| Orc Burrow | 7 | 1120 | / | 280 |
| Voodoo Lounge | 2 | 260 | / | 60 |
| Barracks | 4 | 720 | / | 200 |
| War Mill | 1 | 205 | / | 0 |
| Great Hall | 3 | 1155 | / | 555 |
| Beastiary | 3 | 435 | / | 420 |
| Stronghold | 1 | 315 | / | 190 |
| Fortress | 1 | 325 | / | 190 |
| total: | 58 | 8145g | / | 4525w |
| 0:03 | Peon |
| 0:03 | Peon |
| 0:07 | Altar of Storms |
| 0:19 | Orc Burrow |
| 0:20 | Peon |
| 0:26 | Peon |
| 0:49 | Voodoo Lounge |
| 0:54 | Peon |
| 1:13 | Peon |
| 1:24 | Peon |
| 1:37 | Barracks |
| 1:44 | Orc Burrow |
| 2:06 | Orc Burrow |
| 2:09 | Healing Salve |
| 2:10 | Lesser Clarity Potion |
| 2:13 | Serpent Ward |
| 2:40 | Grunt |
| 2:49 | Lesser Clarity Potion |
| 2:49 | Lesser Clarity Potion |
| 2:49 | Healing Salve |
| 3:09 | Grunt |
| 3:27 | Grunt |
| 3:39 | Pillage |
| 3:48 | Healing Wave |
| 3:53 | Grunt |
| 4:14 | Grunt |
| 4:33 | Grunt |
| 5:09 | War Mill |
| 5:35 | Circlet of Nobility |
| 5:39 | Grunt |
| 6:10 | Stronghold |
| 6:12 | Healing Wave |
| 6:30 | Great Hall |
| 7:21 | Steel Armor |
| 7:22 | Grunt |
| 7:41 | Spiked Barricades |
| 8:12 | Watch Tower |
| 8:14 | Watch Tower |
| 8:16 | Watch Tower |
| 8:46 | Berserker Strength |
| 8:52 | Reinforced Defenses |
| 9:13 | Peon |
| 9:13 | Peon |
| 9:13 | Peon |
| 9:16 | Peon |
| 9:16 | Peon |
| 9:16 | Peon |
| 9:21 | Orc Burrow |
| 10:09 | Shockwave |
| 10:14 | Potion of Healing |
| 10:14 | Healing Salve |
| 10:14 | Lesser Clarity Potion |
| 10:16 | Fortress |
| 10:18 | Peon |
| 10:21 | Peon |
| 10:40 | Orc Burrow |
| 10:45 | Watch Tower |
| 10:46 | Peon |
| 10:46 | Peon |
| 11:23 | Beastiary |
| 11:25 | Beastiary |
| 11:53 | Watch Tower |
| 11:57 | Watch Tower |
| 12:31 | Troll Batrider |
| 13:06 | Troll Batrider |
| 13:06 | Troll Batrider |
| 13:57 | Troll Batrider |
| 13:59 | Burning Oil |
| 14:03 | Barracks |
| 14:17 | Tome of Retraining |
| 14:17 | Retrain Hero |
| 14:19 | Hex |
| 14:20 | Healing Wave |
| 14:22 | Boots of Speed |
| 14:22 | Circlet of Nobility |
| 14:38 | Troll Batrider |
| 14:40 | Improved Spiked Barricades |
| 14:47 | Great Hall |
| 14:59 | Peon |
| 14:59 | Peon |
| 14:59 | Peon |
| 15:25 | Peon |
| 15:25 | Peon |
| 15:25 | Peon |
| 15:47 | Watch Tower |
| 15:48 | Watch Tower |
| 15:48 | Watch Tower |
| 16:21 | Watch Tower |
| 16:22 | Watch Tower |
| 16:24 | Watch Tower |
| 16:25 | Watch Tower |
| 16:35 | Peon |
| 16:35 | Peon |
| 16:50 | Watch Tower |
| 16:51 | Watch Tower |
| 17:25 | Watch Tower |
| 17:25 | Watch Tower |
| 17:38 | Troll Batrider |
| 17:38 | Troll Batrider |
| 17:38 | Troll Batrider |
| 17:38 | Troll Batrider |
| 17:50 | Troll Batrider |
| 17:50 | Troll Batrider |
| 18:10 | Watch Tower |
| 18:24 | Troll Batrider |
| 18:51 | Watch Tower |
| 19:07 | Watch Tower |
| 19:19 | Voodoo Lounge |
| 19:23 | Peon |
| 19:23 | Peon |
| 19:23 | Peon |
| 19:23 | Peon |
| 19:33 | Watch Tower |
| 20:03 | Orc Burrow |
| 20:18 | Troll Batrider |
| 20:57 | Endurance Aura |
| 21:08 | Barracks |
| 21:31 | Watch Tower |
| 21:39 | Potion of Mana |
| 21:50 | Barracks |
| 21:59 | Healing Wave |
| 22:18 | Demolisher |
| 23:06 | Watch Tower |
| 23:08 | Watch Tower |
| 23:36 | Watch Tower |
| 23:42 | Demolisher |
| 23:50 | Watch Tower |
| 24:17 | Watch Tower |
| 24:21 | Watch Tower |
| 25:00 | Watch Tower |
| 25:05 | Watch Tower |
| 25:55 | Watch Tower |
| 26:13 | Troll Batrider |
| 26:15 | Beastiary |
| 26:17 | Steel Ranged Weapons |
| 26:54 | Troll Batrider |
| 26:54 | Troll Batrider |
| 27:00 | Demolisher |
| 27:10 | Watch Tower |
| 27:10 | Watch Tower |
| 27:34 | Shockwave |
| 27:54 | Watch Tower |
| 27:59 | Troll Batrider |
| 28:03 | Thorium Ranged Weapons |
| 28:24 | Potion of Mana |
| 28:25 | Potion of Mana |
| 28:38 | Watch Tower |
| 29:36 | Troll Batrider |
| 29:36 | Troll Batrider |
| 30:04 | Watch Tower |
| 30:32 | Great Hall |
| 30:47 | Watch Tower |
| 31:35 | Hex |
| 32:11 | Orc Burrow |
| 32:14 | Endurance Aura |
| 33:30 | Lesser Clarity Potion |
| 33:33 | Potion of Mana |
| 34:11 | Arcanite Ranged Weapons |
| 34:12 | Thorium Armor |
| Right click | 1085 |
| Select | 866 |
| Build/train/purchase | 202 |
| Use ability | 183 |
| Select group | 122 |
| Misc. action | 107 |
| Minimap ping | 24 |
| Assign group | 14 |
| Resource trade | 9 |
| Item give/drop | 3 |
107 units @ 10.8k
/ 1.8k
180 buildings @ 13.5k
/ 6.6k
GIGA
(207)
(35:17) : 
| Healing Salve | 2 | 200 |
| Lesser Clarity Potion | 5 | 350 |
| Orb of Lightning | 1 | 375 |
| Tiny Great Hall | 1 | 600 |
| Potion of Mana | 1 | 200 |
| Boots of Speed | 1 | 250 |
| Staff of Teleportation | 1 | 150 |
| Scroll of Regeneration | 1 | 100 |
| total: | 13 | 2225g |
| Peon | 25 | 1875 | / | 0 |
| Troll Witch Doctor | 8 | 1160 | / | 200 |
| total: | 33 | 3035g | / | 200w |
| Watch Tower | 17 | 1870 | / | 1360 |
| Altar of Storms | 2 | 360 | / | 100 |
| Orc Burrow | 5 | 800 | / | 200 |
| War Mill | 2 | 410 | / | 0 |
| Voodoo Lounge | 1 | 130 | / | 30 |
| Great Hall | 2 | 770 | / | 370 |
| Spirit Lodge | 1 | 150 | / | 150 |
| Beastiary | 1 | 145 | / | 140 |
| Stronghold | 1 | 315 | / | 190 |
| Fortress | 1 | 325 | / | 190 |
| total: | 31 | 4635g | / | 2350w |
| 0:03 | Peon |
| 0:03 | Peon |
| 0:12 | Altar of Storms |
| 0:14 | Orc Burrow |
| 0:17 | Peon |
| 0:30 | Peon |
| 0:56 | War Mill |
| 0:58 | Peon |
| 1:02 | Peon |
| 1:12 | Peon |
| 1:41 | Peon |
| 1:42 | Peon |
| 2:05 | Peon |
| 2:06 | Peon |
| 2:12 | Wind Walk |
| 2:22 | Voodoo Lounge |
| 2:46 | Peon |
| 2:46 | Peon |
| 2:46 | Peon |
| 2:51 | Orc Burrow |
| 3:43 | Watch Tower |
| 3:45 | Watch Tower |
| 4:02 | Healing Salve |
| 4:11 | Peon |
| 5:14 | Critical Strike |
| 5:34 | Watch Tower |
| 5:35 | Watch Tower |
| 6:24 | Great Hall |
| 6:29 | Altar of Storms |
| 6:46 | Watch Tower |
| 6:47 | Watch Tower |
| 6:50 | Spiked Barricades |
| 7:40 | Boots of Speed |
| 7:41 | Staff of Teleportation |
| 9:00 | Stronghold |
| 10:47 | Lesser Clarity Potion |
| 10:50 | Healing Salve |
| 11:27 | Fortress |
| 11:31 | Spirit Lodge |
| 11:34 | Orc Burrow |
| 12:08 | Wind Walk |
| 12:40 | Beastiary |
| 12:42 | Orc Burrow |
| 12:45 | Orc Burrow |
| 12:46 | Witch Doctor Adept Training |
| 12:46 | Troll Witch Doctor |
| 14:24 | Orb of Lightning |
| 16:23 | Witch Doctor Master Training |
| 16:23 | Troll Witch Doctor |
| 16:23 | Troll Witch Doctor |
| 16:35 | Tiny Great Hall |
| 16:55 | Critical Strike |
| 17:43 | Troll Witch Doctor |
| 17:43 | Troll Witch Doctor |
| 18:18 | Lesser Clarity Potion |
| 18:21 | Peon |
| 18:21 | Peon |
| 18:39 | Divine Shield |
| 18:49 | Peon |
| 19:10 | Peon |
| 19:45 | Peon |
| 19:47 | Peon |
| 20:28 | Critical Strike |
| 21:50 | Great Hall |
| 22:47 | Potion of Mana |
| 22:50 | Lesser Clarity Potion |
| 24:03 | Brilliance Aura |
| 26:25 | War Mill |
| 26:43 | Bash |
| 26:44 | Storm Bolt |
| 27:13 | Peon |
| 27:13 | Peon |
| 27:13 | Peon |
| 27:14 | Peon |
| 27:47 | Watch Tower |
| 27:47 | Watch Tower |
| 27:48 | Watch Tower |
| 27:49 | Watch Tower |
| 27:50 | Watch Tower |
| 27:51 | Watch Tower |
| 27:52 | Watch Tower |
| 27:53 | Watch Tower |
| 27:54 | Watch Tower |
| 27:59 | Watch Tower |
| 27:59 | Watch Tower |
| 29:40 | Lesser Clarity Potion |
| 29:43 | Scroll of Regeneration |
| 29:54 | Troll Witch Doctor |
| 29:55 | Troll Witch Doctor |
| 29:55 | Troll Witch Doctor |
| 30:05 | Bladestorm |
| 30:51 | Lesser Clarity Potion |
| Right click | 3064 |
| Select | 268 |
| Select group | 142 |
| Build/train/purchase | 117 |
| Resource trade | 39 |
| Use ability | 37 |
| Minimap ping | 14 |
| Misc. action | 6 |
| Item give/drop | 5 |
| Chat | 4 |
| Assign group | 3 |
Cabeelibob
(194)
(35:17) : 
| Peasant | 15 | 1125 | / | 0 |
| Dragonhawk Rider | 4 | 800 | / | 120 |
| total: | 19 | 1925g | / | 120w |
| Scout Tower | 81 | 2430 | / | 1620 |
| Guard Tower | 28 | 1960 | / | 1400 |
| Arcane Tower | 6 | 420 | / | 300 |
| Altar of Kings | 2 | 360 | / | 100 |
| Farm | 10 | 800 | / | 200 |
| Lumber Mill | 3 | 360 | / | 0 |
| Arcane Vault | 1 | 130 | / | 30 |
| Town Hall | 1 | 385 | / | 205 |
| Gryphon Aviary | 1 | 140 | / | 150 |
| Arcane Sanctum | 1 | 150 | / | 140 |
| Keep | 1 | 320 | / | 210 |
| Castle | 1 | 360 | / | 210 |
| total: | 100 | 4755g | / | 2445w |
| 0:05 | Altar of Kings |
| 0:10 | Farm |
| 0:11 | Peasant |
| 0:25 | Peasant |
| 0:42 | Peasant |
| 0:53 | Peasant |
| 0:53 | Peasant |
| 1:06 | Farm |
| 1:08 | Peasant |
| 1:36 | Peasant |
| 1:39 | Lumber Mill |
| 2:03 | Peasant |
| 2:03 | Peasant |
| 2:13 | Storm Bolt |
| 2:36 | Peasant |
| 2:36 | Peasant |
| 2:45 | Scout Tower |
| 2:49 | Improved Masonry |
| 2:55 | Scout Tower |
| 2:57 | Scout Tower |
| 2:57 | Scout Tower |
| 2:58 | Scout Tower |
| 3:11 | Scout Tower |
| 3:14 | Scout Tower |
| 3:30 | Guard Tower |
| 3:39 | Farm |
| 3:41 | Guard Tower |
| 3:42 | Peasant |
| 3:43 | Peasant |
| 3:43 | Peasant |
| 3:43 | Peasant |
| 3:48 | Guard Tower |
| 3:52 | Scout Tower |
| 3:55 | Scout Tower |
| 3:58 | Scout Tower |
| 4:03 | Guard Tower |
| 4:11 | Improved Lumber Harvesting |
| 4:21 | Guard Tower |
| 4:22 | Guard Tower |
| 4:25 | Guard Tower |
| 4:29 | Scout Tower |
| 4:32 | Scout Tower |
| 4:33 | Arcane Tower |
| 4:36 | Scout Tower |
| 4:53 | Keep |
| 4:58 | Scout Tower |
| 5:03 | Arcane Tower |
| 5:07 | Scout Tower |
| 5:08 | Scout Tower |
| 5:11 | Guard Tower |
| 5:13 | Scout Tower |
| 5:15 | Arcane Tower |
| 5:22 | Scout Tower |
| 5:23 | Scout Tower |
| 5:23 | Scout Tower |
| 5:49 | Arcane Tower |
| 5:53 | Guard Tower |
| 5:55 | Scout Tower |
| 5:58 | Scout Tower |
| 6:03 | Guard Tower |
| 6:05 | Guard Tower |
| 6:22 | Scout Tower |
| 6:23 | Guard Tower |
| 6:34 | Arcane Tower |
| 6:40 | Scout Tower |
| 6:41 | Scout Tower |
| 6:53 | Guard Tower |
| 7:13 | Scout Tower |
| 7:14 | Scout Tower |
| 7:15 | Guard Tower |
| 7:19 | Guard Tower |
| 7:22 | Scout Tower |
| 7:23 | Scout Tower |
| 7:24 | Scout Tower |
| 7:24 | Scout Tower |
| 7:29 | Advanced Masonry |
| 7:53 | Castle |
| 8:06 | Guard Tower |
| 8:21 | Guard Tower |
| 8:26 | Arcane Tower |
| 8:33 | Gryphon Aviary |
| 8:40 | Arcane Vault |
| 9:07 | Arcane Sanctum |
| 9:47 | Scout Tower |
| 9:48 | Scout Tower |
| 9:50 | Scout Tower |
| 9:51 | Scout Tower |
| 9:58 | Lumber Mill |
| 10:05 | Town Hall |
| 10:16 | Imbued Masonry |
| 10:20 | Cloud |
| 10:23 | Magic Sentry |
| 10:50 | Guard Tower |
| 10:53 | Scout Tower |
| 10:53 | Scout Tower |
| 11:13 | Farm |
| 11:53 | Dragonhawk Rider |
| 11:53 | Dragonhawk Rider |
| 12:10 | Guard Tower |
| 12:15 | Scout Tower |
| 12:16 | Scout Tower |
| 12:17 | Scout Tower |
| 12:20 | Scout Tower |
| 12:21 | Scout Tower |
| 12:21 | Scout Tower |
| 12:47 | Sorceress Adept Training |
| 13:39 | Lumber Mill |
| 15:16 | Guard Tower |
| 21:07 | Farm |
| 21:16 | Farm |
| 21:17 | Farm |
| 23:07 | Dragonhawk Rider |
| 23:07 | Dragonhawk Rider |
| 23:43 | Scout Tower |
| 23:44 | Scout Tower |
| 23:50 | Scout Tower |
| 23:51 | Scout Tower |
| 23:52 | Scout Tower |
| 23:57 | Scout Tower |
| 23:58 | Scout Tower |
| 24:45 | Guard Tower |
| 24:49 | Guard Tower |
| 24:59 | Guard Tower |
| 25:09 | Scout Tower |
| 25:09 | Scout Tower |
| 25:10 | Scout Tower |
| 25:16 | Scout Tower |
| 26:58 | Guard Tower |
| 27:03 | Scout Tower |
| 27:08 | Scout Tower |
| 27:08 | Scout Tower |
| 27:10 | Scout Tower |
| 27:44 | Guard Tower |
| 28:03 | Scout Tower |
| 28:03 | Scout Tower |
| 28:04 | Scout Tower |
| 28:04 | Scout Tower |
| 28:34 | Guard Tower |
| 28:40 | Scout Tower |
| 28:41 | Scout Tower |
| 28:41 | Scout Tower |
| 28:42 | Scout Tower |
| 28:43 | Scout Tower |
| 28:44 | Scout Tower |
| 29:19 | Scout Tower |
| 29:19 | Scout Tower |
| 29:20 | Scout Tower |
| 29:20 | Scout Tower |
| 29:21 | Scout Tower |
| 29:22 | Scout Tower |
| 29:54 | Guard Tower |
| 30:04 | Scout Tower |
| 30:10 | Scout Tower |
| 30:11 | Scout Tower |
| 30:11 | Scout Tower |
| 30:12 | Scout Tower |
| 30:13 | Scout Tower |
| 30:14 | Scout Tower |
| 30:24 | Altar of Kings |
| 30:48 | Guard Tower |
| 32:46 | Farm |
| 34:12 | Farm |
| 34:48 | Farm |
| Right click | 1218 |
| Select group | 705 |
| Select | 386 |
| Build/train/purchase | 76 |
| Resource trade | 41 |
| Misc. action | 24 |
| Assign group | 20 |
| Use ability | 14 |
| Minimap ping | 2 |
| Esc | 1 |



| Peasant | 20 | 1500 | / | 0 |
| Mortar Team | 11 | 1980 | / | 770 |
| Flying Machine | 24 | 2400 | / | 720 |
| total: | 55 | 5880g | / | 1490w |
| Scout Tower | 17 | 510 | / | 340 |
| Arcane Tower | 3 | 210 | / | 150 |
| Guard Tower | 7 | 490 | / | 350 |
| Altar of Kings | 3 | 540 | / | 150 |
| Farm | 19 | 1520 | / | 380 |
| Lumber Mill | 3 | 360 | / | 0 |
| Town Hall | 1 | 385 | / | 205 |
| Blacksmith | 1 | 140 | / | 60 |
| Workshop | 5 | 700 | / | 700 |
| Keep | 1 | 320 | / | 210 |
| Castle | 1 | 360 | / | 210 |
| total: | 49 | 4155g | / | 1835w |
| 0:03 | Peasant |
| 0:11 | Peasant |
| 0:15 | Altar of Kings |
| 0:17 | Peasant |
| 0:19 | Farm |
| 0:34 | Lumber Mill |
| 0:35 | Peasant |
| 0:38 | Peasant |
| 0:49 | Peasant |
| 0:52 | Farm |
| 1:07 | Peasant |
| 1:30 | Scout Tower |
| 1:32 | Peasant |
| 1:37 | Improved Lumber Harvesting |
| 1:52 | Peasant |
| 1:54 | Improved Masonry |
| 2:17 | Arcane Tower |
| 2:19 | Peasant |
| 2:19 | Peasant |
| 2:24 | Storm Bolt |
| 2:25 | Peasant |
| 2:43 | Scout Tower |
| 2:48 | Peasant |
| 2:53 | Scout Tower |
| 2:54 | Scout Tower |
| 2:57 | Scout Tower |
| 3:39 | Guard Tower |
| 3:41 | Scout Tower |
| 3:41 | Scout Tower |
| 3:42 | Scout Tower |
| 3:43 | Scout Tower |
| 3:45 | Peasant |
| 3:45 | Peasant |
| 3:46 | Peasant |
| 3:46 | Guard Tower |
| 4:17 | Town Hall |
| 4:22 | Peasant |
| 4:23 | Peasant |
| 4:44 | Guard Tower |
| 4:51 | Farm |
| 5:29 | Scout Tower |
| 5:32 | Bash |
| 5:39 | Guard Tower |
| 5:59 | Peasant |
| 5:59 | Peasant |
| 6:07 | Guard Tower |
| 6:12 | Guard Tower |
| 6:13 | Scout Tower |
| 6:14 | Scout Tower |
| 6:34 | Keep |
| 6:38 | Blacksmith |
| 6:48 | Arcane Tower |
| 6:49 | Scout Tower |
| 7:38 | Arcane Tower |
| 7:55 | Black Gunpowder |
| 8:49 | Altar of Kings |
| 8:52 | Farm |
| 8:53 | Farm |
| 8:53 | Farm |
| 8:54 | Farm |
| 8:56 | Refined Gunpowder |
| 8:58 | Castle |
| 9:04 | Advanced Lumber Harvesting |
| 9:04 | Advanced Masonry |
| 9:10 | Holy Light |
| 9:13 | Bash |
| 9:26 | Workshop |
| 9:27 | Workshop |
| 9:29 | Workshop |
| 9:30 | Workshop |
| 9:33 | Workshop |
| 9:58 | Farm |
| 10:19 | Iron Plating |
| 10:25 | Farm |
| 10:27 | Flak Cannons |
| 10:33 | Flare |
| 10:35 | Mortar Team |
| 10:38 | Farm |
| 10:39 | Farm |
| 11:14 | Scout Tower |
| 11:15 | Scout Tower |
| 11:15 | Scout Tower |
| 11:16 | Scout Tower |
| 11:20 | Flying Machine Bombs |
| 11:20 | Fragmentation Shards |
| 11:23 | Imbued Gunpowder |
| 11:47 | Holy Light |
| 11:59 | Lumber Mill |
| 12:11 | Lumber Mill |
| 12:18 | Flying Machine |
| 12:19 | Flying Machine |
| 12:30 | Steel Plating |
| 12:36 | Flying Machine |
| 13:04 | Flying Machine |
| 13:05 | Flying Machine |
| 13:06 | Flying Machine |
| 13:19 | Imbued Masonry |
| 13:24 | Guard Tower |
| 13:29 | Flying Machine |
| 13:58 | Flying Machine |
| 13:58 | Flying Machine |
| 14:10 | Flying Machine |
| 14:18 | Mithril Plating |
| 14:26 | Flying Machine |
| 14:38 | Farm |
| 14:41 | Farm |
| 14:49 | Farm |
| 15:25 | Mortar Team |
| 15:48 | Mortar Team |
| 17:39 | Mortar Team |
| 18:21 | Storm Bolt |
| 22:13 | Flying Machine |
| 22:13 | Flying Machine |
| 22:13 | Flying Machine |
| 22:13 | Flying Machine |
| 22:14 | Flying Machine |
| 23:44 | Divine Shield |
| 24:03 | Summon Water Elemental |
| 24:44 | Flying Machine |
| 24:44 | Flying Machine |
| 24:44 | Flying Machine |
| 24:44 | Flying Machine |
| 24:44 | Flying Machine |
| 24:45 | Flying Machine |
| 24:45 | Flying Machine |
| 25:03 | Flying Machine |
| 26:16 | Mortar Team |
| 26:17 | Mortar Team |
| 26:39 | Holy Light |
| 26:47 | Bash |
| 26:48 | Holy Light |
| 28:12 | Mortar Team |
| 28:12 | Mortar Team |
| 28:12 | Mortar Team |
| 29:45 | Mortar Team |
| 29:46 | Mortar Team |
| 30:07 | Blizzard |
| 30:27 | Altar of Kings |
| 30:28 | Farm |
| 30:29 | Farm |
| 30:29 | Farm |
| 32:35 | Farm |
| 32:37 | Farm |
| Right click | 1713 |
| Select group | 618 |
| Select | 362 |
| Build/train/purchase | 134 |
| Use ability | 70 |
| Misc. action | 55 |
| Assign group | 17 |
| Minimap ping | 14 |
| Esc | 4 |